AoeStats
← [RZ] HardZeeiRa-BR

Arabia

510223345Analyzed
4v4 RM · 3d ago on Sep 30, 2026· 40m 28s· 8 players
Game mode
Random Map
Map size
Large (8 player)
Population
200
Speed
Normal
Resources
Standard
Victory
Conquest
Starting age
Dark Age
Ending age
Imperial Age
RankedLock teamsTeams togetherTeam positionsShared explorationLock speedFull tech treeHidden civsTurbo modeCheats
Victory
Defeat
🇧🇷 Franks · Brazil
1386
+10
🇧🇷 Shu · Brazil
1326
+13
🇧🇷 Ethiopians · Brazil
1312
+13
🇧🇷 Varangians · Brazil
1199
+19
🇺🇸 Persians · United States
1314
-16
🇺🇸 Dravidians · United States
1254
-14
🇺🇸 Ethiopians · United States
1231
-13
🇺🇸 Varangians · United States
1210
-12
[RZ] HardZeeiRa-BR
6:15 Loom
9:08 Feudal Age
9:52 Double-Bit Axe
11:37 Horse Collar
17:10 Bloodlines
19:30 Wheelbarrow
22:32 Castle Age
21:04 Scale Barding Armor
20:57 Gold Mining
22:21 Forging
23:58 Husbandry
24:52 Chain Barding Armor
27:20 Bow Saw
31:42 Iron Casting
39:31 Vendel Legacy
[RZ] James Rocha
7:13 Loom
9:22 Feudal Age
11:35 Double-Bit Axe
16:18 Fletching
17:44 Horse Collar
22:56 Padded Archer Armor
27:06 Castle Age
25:19 Gold Mining
27:27 Crossbowman
28:15 Thumb Ring
28:29 Leather Archer Armor
28:10 Bodkin Arrow
31:31 Leather Archer Armor
[Rz] TK_puxa
6:51 Loom
9:18 Feudal Age
10:02 Double-Bit Axe
13:35 Forging
16:59 Scale Barding Armor
23:18 Castle Age
24:03 Husbandry
24:58 Chain Barding Armor
26:02 Gold Mining
28:49 Iron Casting
30:29 Gold Shaft Mining
33:50 Stone Mining
39:49 Scale Mail Armor
Raduky
6:48 Loom
9:24 Feudal Age
20:50 Fletching
21:10 Double-Bit Axe
22:40 Padded Archer Armor
25:37 Castle Age
25:40 Crossbowman
26:16 Bodkin Arrow
29:18 Town Watch
32:02 Ballistics
39:22 Bow Saw
42:37 Imperial Age
41:16 Leather Archer Armor
PWombo
7:11 Loom
9:27 Feudal Age
9:59 Double-Bit Axe
10:14 Horse Collar
16:22 Scale Barding Armor
18:56 Bloodlines
19:04 Gold Mining
24:11 Castle Age
23:23 Forging
24:00 Light Cavalry
25:47 Chain Barding Armor
27:43 Bow Saw
29:58 Husbandry
33:42 Gold Shaft Mining
34:58 Wheelbarrow
35:29 Iron Casting
37:29 Fletching
39:14 Hand Cart
Strandamonium
6:50 Loom
9:27 Feudal Age
12:19 Bloodlines
13:46 Scale Barding Armor
14:00 Double-Bit Axe
15:49 Forging
18:04 Horse Collar
19:41 Wheelbarrow
23:43 Castle Age
24:25 Husbandry
24:19 Gold Mining
25:03 Chain Barding Armor
25:14 Bow Saw
26:12 Light Cavalry
28:29 Iron Casting
30:01 Heavy Plow
30:27 Squires
30:31 Scale Mail Armor
34:36 Vendel Legacy
36:20 Stone Mining
Mace of Noag Bol
6:31 Loom
9:53 Feudal Age
10:52 Double-Bit Axe
20:58 Horse Collar
25:31 Castle Age
23:59 Fletching
25:10 Padded Archer Armor
25:36 Crossbowman
27:59 Bodkin Arrow
37:02 Elite Skirmisher
PrinceFinnik
6:31 Loom
8:56 Feudal Age
15:54 Fletching
17:44 Padded Archer Armor
23:32 Double-Bit Axe
26:36 Castle Age
26:43 Crossbowman
27:19 Bodkin Arrow
29:17 Ballistics
32:44 Leather Archer Armor
35:23 Horse Collar
36:18 Thumb Ring
37:52 Bow Saw
Connection lost

Rejoining the realm…

Still unreachable

The connection could not be restored.

Session expired

The server has moved on; the page needs a fresh start.